 Dungeon Crawl Stone Soup version 0.21-a0-400-g417d9d2 (webtiles) character file.

7 Kavrick the Skirmisher (level 2, -4/32 HPs)
             Began as an Ogre Fighter on Oct 20, 2017.
             Slain by a hobgoblin
             ... wielding a +0 club
              (6 damage)
             ... on level 1 of the Dungeon.
             The game lasted 00:00:46 (360 turns).

Kavrick the Skirmisher (Ogre Fighter)                Turns: 360, Time: 00:00:47

Health: -4/32      AC:  3    Str: 19    XL:     2   Next: 0%
Magic:  2/2        EV: 10    Int:  9    God:
Gold:   55         SH:  0    Dex:  8    Spells: 1/1 levels left

rFire    . . .     SeeInvis .     - Unarmed
rCold    . . .     Gourm    .   (no shield)
rNeg     . . .     Faith    .   a - +0 robe
rPois    .         Spirit   .   (helmet restricted)
rElec    .         Reflect  .   (no cloak)
rCorr    .         Harm     .   (gloves unavailable)
MR       .....                  (boots unavailable)
Stlth    +.........             (no amulet)
HPRegen  0.10/turn              (no ring)
MPRegen  0.08/turn              (no ring)

@: no status effects
A: unfitting armour, tough skin 1
a: no special abilities


You were on level 1 of the Dungeon.
You were not hungry.

You visited 1 branch of the dungeon, and saw 1 of its levels.

You collected 55 gold pieces.

Inventory:

Armour
 a - a +0 robe (worn)
Scrolls
 b - a scroll of fog {unknown}
 e - a scroll of remove curse {unknown}
Potions
 c - 3 potions of might
Comestibles
 d - a bread ration
 f - 4 chunks of flesh


   Skills:
 + Level 4.1 Fighting
 + Level 0.2 Armour
 + Level 2.8 Dodging
   Level 2.6 Shields
 * Level 2.0 Unarmed Combat


You had one spell level left.
You didn't know any spells.

Dungeon Overview and Level Annotations

Branches:
Dungeon (1/15)

Altars:
Okawaru


Innate Abilities, Weirdness & Mutations

You are too large for most types of armour.
You have tough skin. (AC +1)


Message History

The leopard gecko bites you but does no damage.
There is an open door here.
You hit the leopard gecko.
The leopard gecko is severely wounded.
The leopard gecko barely misses you.
You hit the leopard gecko.
You kill the leopard gecko!
You have reached level 2!
You closely miss the hobgoblin. The hobgoblin hits you with a club.
* * * LOW HITPOINT WARNING * * *
You completely miss the hobgoblin. The hobgoblin closely misses you.
You barely miss the hobgoblin. The hobgoblin closely misses you.
You closely miss the hobgoblin. The hobgoblin hits you with a club.
* * * LOW HITPOINT WARNING * * *
You hit the hobgoblin.
The hobgoblin is moderately wounded.
You hit the hobgoblin.
The hobgoblin is heavily wounded.
The hobgoblin hits you with a club.
You die...

########## .........#
############ ########.#
#..........###############.##
#..........#..........#......
#..........#..........#.###.# #
#..........#..........#.#....
.##..........#............#.#..
>...........Kg@................
#..........#............#....
#####........w.#............#....
...............#..........#......
...............#..........###....
.......(.......#..........# #....
........########..........# #....
.....(..# ############ #....
.......$# #....


You could see a dart slug, a hobgoblin and a kobold.

Vanquished Creatures
  2 leopard geckos (D:1)
  A bat (D:1)
  3 rats (D:1)
6 creatures vanquished.

Notes
Turn   | Place    | Note
-------+----------+-------------------------------------------
     0 | D:1      | Kavrick the Ogre Fighter began the quest for the Orb.
     0 | D:1      | Reached XP level 1. HP: 24/24 MP: 1/1
    27 | D:1      | Found an iron altar of Okawaru.
   354 | D:1      | Reached XP level 2. HP: 8/32 MP: 2/2
   358 | D:1      | HP: 1/32 [hobgoblin/club (1)]
   360 | D:1      | Slain by a hobgoblin

Vault maps used:
D:1:      moated_graveyard_arrival, okawaru_ov_weapons_minmay

Skill      XL: |  1 |
---------------+----+-----
Unarmed Combat | 2 |  2.0
Fighting       | |  4.1
Armour         | |  0.2
Dodging        | |  2.8
Shields        | |  2.6

Action                   || total
-------------------------++-------
Melee: Unarmed           ||    26
Armor: Robe              ||     7
Dodge: Dodged            ||    10

Table legend:
 A = Spawn XP
 B = Non-spawn XP
 C = Spawn XP percentage of total XP
 D = Spawn monster count
 E = Non-spawn monster count
 F = Spawn count percentage of total count
 G = Total turns spent on level
                    A         B        C        D         E        F      G
               +---------+---------+-------+---------+---------+-------+---------
         Total |       0 |      10 |   0.0 |       0 |       6 |   0.0 |   360
               +---------+---------+-------+---------+---------+-------+---------
           D:1 |       0 |      10 |   0.0 |       0 |       6 |   0.0 |   360
               +---------+---------+-------+---------+---------+-------+---------
